 Dungeon Crawl Stone Soup version 0.28.0-1-gb440e238dd (webtiles) character file.

Game seed: 2631530969264094907

11662 pkoi the Arsonist (level 11, -4/74 HPs)
             Began as a Yellow Draconian Conjurer on Feb 28, 2022.
             Was a Follower of Sif Muna.
             Slain by a cane toad (11 damage)
             ... on level 1 of the Lair of Beasts.
             The game lasted 00:21:02 (15834 turns).

pkoi the Arsonist (Yellow Draconian Conjurer)      Turns: 15834, Time: 00:21:03

Health: -4/74      AC: 13    Str: 10    XL:     11   Next: 52%
Magic:  20/20      EV: 13    Int: 33    God:    Sif Muna [*.....]
Gold:   404        SH:  0    Dex:  9    Spells: 7/22 levels left

rFire   + + .      SeeInvis .   u - staff of fire
rCold   . . .      Faith    .   (no shield)
rNeg    . . .      Spirit   .   (armour unavailable)
rPois   .          Reflect  .   (helmet restricted)
rElec   .          Harm     .   E - scarf {repulsion}
rCorr   +          Rampage  .   (no gloves)
Will    .....                   i - +1 pair of boots
Stlth   ++........              (no amulet)
HPRegen 0.22/turn               q - ring "Reapah" {rF+ AC+4 Int+4}
MPRegen 0.17/turn               x - +6 ring of intelligence

@: short of breath, repel missiles
A: spit acid, AC +7, unfitting armour, cold-blooded, acid resistance
a: Breathe Acid, Renounce Religion, Channel Magic


You were on level 1 of the Lair of Beasts.
You worshipped Sif Muna.
Sif Muna was aware of your devotion.
You visited 3 branches of the dungeon, and saw 11 of its levels.
You also visited: Ossuary and Bailey.

You collected 580 gold pieces.
You spent 176 gold pieces at shops.

Inventory:

Hand Weapons
 c - a +0 vorpal whip
 h - a +4 whip
 v - a +3 whip of electrocution
Armour
 i - a +1 pair of boots (worn)
 j - a +1 cloak
 E - a scarf of repulsion (worn)
Magical Staves
 u - a staff of fire (weapon)
Jewellery
 q - the ring "Reapah" (left hand) {rF+ AC+4 Int+4}
   (You took it off an orc on level 4 of the Dungeon)

   [ring of protection]

   AC:        It affects your AC (+4).
   Int:       It affects your intelligence (+4).
   rF:        It protects you from fire.
 x - a +6 ring of intelligence (right hand)
 B - a +4 ring of protection
 C - a ring of willpower
Wands
 a - a wand of iceblast (12)
 w - a wand of flame (69)
 y - a wand of charming (10)
Scrolls
 b - 3 scrolls of fear
 l - a scroll of fog
 p - 2 scrolls of enchant armour
 s - 4 scrolls of teleportation
 t - a scroll of brand weapon
 z - a scroll of summoning
 A - a scroll of blinking
 D - a scroll of identify
Potions
 d - 3 potions of brilliance
 e - 4 potions of curing
 f - 8 potions of haste
 g - 3 potions of mutation {unknown}
 k - 3 potions of flight
 m - 2 potions of lignification
 n - a potion of ambrosia
 o - a potion of magic
 r - a potion of heal wounds


   Skills:
 + Level 6.3 Dodging
 - Level 1.7 Stealth
 - Level 6.0 Spellcasting
 + Level 10.9 Conjurations
 + Level 6.5 Translocations
 + Level 11.3 Fire Magic
 - Level 3.0 Invocations


You had 7 spell levels left.
You knew the following spells:

 Your Spells              Type           Power      Damage    Failure   Level
a - Magic Dart            Conj           100%       1d8       1%          1
b - Searing Ray           Conj           100%       2d8       1%          2
c - Iskenderun's Mystic   Conj/Tloc      61%        2d13      1%          4
d - Blink                 Tloc           100%       N/A       1%          2
e - Scorch                Fire           100%       2d10      1%          2
f - Flame Wave            Conj/Fire      90%        2d15      1%          4

Your spell library contained the following spells:

 Spells                   Type           Power      Damage    Failure   Level
 Dazzling Flash           Conj/Hex       90%        N/A       1%          3
 Lesser Beckoning         Tloc           52%        N/A       1%          3
 Animate Skeleton         Necr           18%        N/A       4%          1
 Pain                     Necr           36%        1d5       4%          1
 Slow                     Hex            36%        N/A       4%          1
 Fulminant Prism          Conj/Hex       22%        3d13      4%          4
 Manifold Assault         Tloc           52%        N/A       8%          5
 Confusing Touch          Hex            9%         N/A       13%         3
 Vampiric Draining        Necr           9%         2d6       13%         3
 Summon Cactus Giant      Summ           4%         N/A       100%        6


Dungeon Overview and Level Annotations

Branches:
Dungeon (8/15)             Temple (1/1) D:5            Lair (2/6) D:8
 Shoals (0/4) Lair:2      Ossuary (visited)          Bailey (visited)
  Snake: Lair:2-4    Spider: Lair:2-4

Altars:
Ashenzari
Cheibriados
Dithmenos
Elyvilon
Fedhas
Gozag
Hepliaklqana
Kikubaaqudgha
Makhleb
Nemelex Xobeh
Okawaru
Qazlal
Ru
Sif Muna
Trog
Uskayaw
Vehumet
Wu Jian
Xom
Yredelemnul
Zin
The Shining One

Shops:
D:3 *((   D:8 ?


Innate Abilities, Weirdness & Mutations

You can spit globs of acid.
Your golden yellow scales are hard. (AC +7)
You cannot fit into any form of body armour.
You are cold-blooded and may be slowed by cold attacks.
You are resistant to acid. (rCorr)


Message History

A nearby fungus withers and dies.
The cane toad completely misses you. The cane toad stings you!
* * * LOW HITPOINT WARNING * * *
Press: ? - help, Shift-Dir - straight line, f - cane toad
Aim: a cane toad (69% to hit)
You spit a glob of acid.
The glob of acid hits the cane toad!!
The acid corrodes the cane toad!
The acid splashes onto the elephant!
The elephant is splashed with acid.
The cane toad is heavily wounded.
The elephant tramples you but does no damage.
The elephant barely misses you. The cane toad stings you.
* * * LOW HITPOINT WARNING * * *
You are lethally poisoned!
The cane toad poisons you!
Unknown command.
Unknown command.
You feel better.
The cane toad stings you but does no damage.
There is a stone staircase leading up here.
The elephant trumpets!
The cane toad stings you but does no damage.
The elephant misses you.
The elephant trunk-slaps you but does no damage.
You climb upwards.
There is a stone staircase leading down here.
Casting: Iskenderun's Mystic Blast (dangerous; 1% risk of failure)
Confirm with . or Enter, or press ? or * to list all spells.
You erupt in a blast of force!
The mystic blast hits the cane toad!
The cane toad is severely wounded.
The cane toad is knocked back by the mystic blast.
The cane toad slams into the rock wall!
The cane toad is almost dead.
The mystic blast hits the elephant!
The elephant is almost dead.
The elephant is knocked back by the mystic blast.
The cane toad stings you.
* * * LOW HITPOINT WARNING * * *
Unknown command.
Magic courses through your body. The cane toad stings you!
You die...

.####...........##
.###..##....###..##
.......#####.#....##
####...## ##......# ## #...P#
##....## .######## ###.P###
...## #...#### ....#
##.....F# ...## #....Y@###
.### ####.....## .# #......#
.#### ### #.####.# ....####.#
#.####.## ....##...#
#.P##...### #
.........#####..###....### .#
..........##.#.#.##......#..#
................#.#..###.P..#


You could see an elephant and a cane toad (corroded).

Vanquished Creatures
  An orc warlord (Bailey)
  A hydra (Lair:1)
  Pikel (D:6)
  2 black mambas (Lair:1)
  Joseph (D:7)
  3 centaur zombies
  A merfolk siren (Lair:2)
  A cane toad (Lair:2)
  A hornet (D:8)
  4 yaks (Lair:1)
  A basilisk (Lair:2)
  Edmund (D:6)
  An acid dragon (D:8)
  2 water moccasins
  An ice beast (D:6)
  5 orc warriors (Bailey)
  3 necrophages
  2 ogres
  A centaur (D:5)
  15 wolves (Lair:1)
  4 bullfrogs
  A gnoll sergeant (D:8)
  A scorpion (D:4)
  2 water moccasin zombies (Ossuary)
  A water moccasin skeleton (D:6)
  A bullfrog zombie (D:7)
  2 jellies (D:6)
  An orc priest (D:5)
  A hound (D:5)
  Natasha (twice) (D:2)
  A hound skeleton (D:5)
  2 mummies (Ossuary)
  5 gnolls
  2 howler monkey zombies (D:5)
  4 adders
  5 white imps
  3 adder zombies
  A worm (D:2)
  14 orcs
  4 ball pythons
  5 endoplasms
  A giant cockroach (D:1)
  4 gnoll zombies (Ossuary)
  17 goblins
  9 hobgoblins
  16 kobolds
  3 quokkas
  6 bats
  4 frilled lizards
  10 hobgoblin zombies (Ossuary)
  4 kobold zombies (Ossuary)
  3 orc zombies (Ossuary)
  2 rats
189 creatures vanquished.

Vanquished Creatures (others)
  3 fungi (Lair:2)
  16 plants
19 creatures vanquished.

Grand Total: 208 creatures vanquished

Notes
Turn   | Place    | Note
-------+----------+-------------------------------------------
     0 | D:1      | pkoi the Draconian Conjurer began the quest for the Orb.
     0 | D:1      | Reached XP level 1. HP: 14/14 MP: 3/3
   409 | D:1      | Reached XP level 2. HP: 20/20 MP: 3/5
   694 | D:1      | Found a faded altar of an unknown god.
   698 | D:1      | Learned a level 2 spell: Searing Ray
  1274 | D:2      | Reached skill level 5 in Conjurations
  1315 | D:2      | Reached XP level 3. HP: 26/26 MP: 3/6
  1615 | D:2      | Noticed Natasha
  1648 | D:2      | Killed Natasha
  2413 | D:2      | Noticed Natasha
  2419 | D:2      | Killed Natasha
  2420 | D:2      | Reached XP level 4. HP: 19/33 MP: 0/7
  2724 | D:3      | Found Wuqie's Weapon Shop.
  2808 | D:3      | Found Bitillee's General Store.
  2826 | D:3      | Bought a potion of haste for 120 gold pieces
  2957 | D:3      | Found Jideumar's Weapon Boutique.
  3878 | D:4      | Found a sand-covered staircase.
  3892 | Ossuary  | Entered an ossuary
  4373 | Ossuary  | Reached XP level 5. HP: 38/38 MP: 1/9
  4524 | Ossuary  | Reached XP level 6. HP: 19/45 MP: 1/10
  4863 | D:4      | Identified the ring "Reapah" {rF+ AC+4 Int+4}
  5332 | D:4      | Found a sacrificial altar of Ru.
  5652 | D:4      | Became a worshipper of Ru the Awakened
  5907 | D:5      | Entered Level 5 of the Dungeon
  6259 | D:5      | Your scales start taking on a golden yellow colour.
  6259 | D:5      | Reached XP level 7. HP: 50/50 MP: 4/11
  6259 | D:5      | Gained mutation: You are resistant to acid. (rCorr) [Yellow
                  | Draconian growth]
  6629 | D:5      | Learned a level 4 spell: Iskenderun's Mystic Blast
  6888 | D:5      | Found a staircase to the Ecumenical Temple.
  6997 | D:5      | Reached skill level 1 in Translocations
  6997 | D:5      | Reached XP level 8. HP: 57/57 MP: 5/13
  7011 | Temple   | Entered the Ecumenical Temple
  7394 | Temple   | Fell from the grace of Ru
  7394 | Temple   | Became a worshipper of Sif Muna the Loreminder
  7694 | D:5      | Learned a level 2 spell: Blink
  7994 | D:5      | Noticed a troll
  8049 | D:6      | Reached skill level 1 in Invocations
  8375 | D:6      | Noticed Pikel
  8382 | D:6      | Killed Pikel
  8383 | D:6      | Reached skill level 10 in Conjurations
  8694 | D:6      | Noticed Edmund
  8708 | D:6      | Killed Edmund
  8709 | D:6      | Reached XP level 9. HP: 24/62 MP: 8/15
  9881 | D:7      | Noticed Joseph
  9917 | D:7      | Killed Joseph
  9918 | D:7      | Reached skill level 5 in Spellcasting
 10069 | D:7      | Found a flagged portal.
 10078 | Bailey   | Entered a bailey
 10092 | Bailey   | Reached * piety under Sif Muna
 10337 | Bailey   | Noticed an orc warlord
 10343 | Bailey   | Learned a level 2 spell: Scorch
 10348 | Bailey   | Learned a level 4 spell: Flame Wave
 10423 | Bailey   | Reached skill level 5 in Translocations
 10423 | Bailey   | Reached skill level 1 in Fire Magic
 10525 | Bailey   | Reached skill level 5 in Dodging
 10938 | Bailey   | Found a runed translucent gate.
 10939 | Bailey   | Found a runed translucent gate.
 10940 | Bailey   | Found a runed translucent gate.
 12360 | Bailey   | Reached skill level 10 in Fire Magic
 12360 | Bailey   | Reached XP level 10. HP: 69/69 MP: 17/17
 12370 | Bailey   | Killed an orc warlord
 12887 | D:8      | Found a staircase to the Lair.
 13328 | D:8      | Found Adanuw's Magic Scroll Boutique.
 14140 | D:8      | Bought 2 scrolls of identify for 56 gold pieces
 14161 | Lair:1   | Entered Level 1 of the Lair of Beasts
 14161 | Lair:1   | Noticed a black mamba
 14165 | Lair:1   | Killed a black mamba
 14166 | Lair:1   | Reached XP level 11. HP: 74/74 MP: 9/19
 14290 | Lair:1   | Noticed a six-headed hydra
 14297 | Lair:1   | Killed a six-headed hydra
 14440 | Lair:1   | Reached skill level 11 in Fire Magic
 15728 | Lair:2   | Found a staircase to the Shoals.
 15828 | Lair:2   | HP: 3/74 [cane toad (6)]
 15834 | Lair:1   | Slain by a cane toad

Illustrated notes

Levels and vault maps discovered:
D:1:      evilmike_arrival_plus, layout_loops_ring,
          hellmonk_ecumenical_altar_leap_of_faith
D:2:      layout_loops_ring, uniq_natasha
D:3:      layout_basic, serial_shops, nicolae_shop_window_shopping,
          nicolae_shop_crystal, nicolae_shop_bloodbath_and_beyond,
          minmay_fountain_box, nrook_campfire, lexackson_kobold_supper
D:4:      layout_basic, mainiacjoe_overflow_six_doors_small,
          nicolae_ossuary_entry_ruins, minmay_misc_feat_four_crosses,
          eino_tiny_chamber, grunt_ministairs_5
D:5:      layout_basic, temple_pool_b
D:6:      layout_basic, minmay_misc_feat_rugged, uniq_edmund, uniq_pikel
D:7:      layout_rooms, enter_bailey_6, uniq_joseph
D:8:      layout_loops_ring, lair_entry_dummy, serial_shops, shop
Temple:   kilobyte_greek_temple
Lair:1:   layout_misc_corridors, hibernation_bobbens
Lair:2:   wander_river, layout_cave_pods, minmay_shoals_entry_lonely_mermaid,
          serial_bayou_pond_d, kennysheep_rathole, lemuel_fruit_tree,
          infiniplex_staircase_pool_2

Skill      XL: |  1  2  3  4  5  6  7  8  9 10 11 |
---------------+----------------------------------+-----
Conjurations   | 5 6 8 9 10 | 10.9
Spellcasting   | 3 4 5 6 |  6.0
Translocations | 1 3 5 6 |  6.5
Dodging        | 3 5 6 |  6.3
Invocations    | 3 |  3.0
Fire Magic     | 10 11 | 11.3
Stealth        | |  1.7

Action                   |  1- 3 |  4- 6 |  7- 9 | 10-12 || total
-------------------------+-------+-------+-------+-------++-------
Melee: Whip              |    13 |    69 |    53 |       ||   135
       Tailslap          |     2 |    11 |    15 |       ||    28
       Punch             |     1 |     1 |       |       ||     2
       Staff             |       |       |       |     3 ||     3
 Cast: Magic Dart        |    71 |    74 |    98 |     9 ||   252
       Searing Ray       |     1 |     9 |    17 |     2 ||    29
       Flame Wave        |       |       |    11 |    12 ||    23
       Scorch            |       |       |     9 |    31 ||    40
       Iskenderun's Myst |       |       |     3 |    16 ||    19
 Abil: Breathe Acid      |       |       |    11 |     3 ||    14
  Use: Scroll            |     6 |     7 |     6 |     2 ||    21
       Potion            |       |       |     1 |     2 ||     3
Armor: Skin              |     4 |    36 |    65 |    41 ||   146
Dodge: Dodged            |    11 |    61 |    78 |    54 ||   204
